 Dungeon Crawl Stone Soup version 0.14-a0-1707-g75daffb (webtiles) character file.

85520 4tharraofdagon the Carver (level 14, -11/133 HPs)
             Began as a Demigod Gladiator on Dec 31, 2013.
             Mangled by a deep elf blademaster
             ... wielding a +4,+2 elven cutlass
              (23 damage)
             ... on Level 3 of the Elven Halls.
             The game lasted 02:39:41 (17813 turns).

4tharraofdagon the Carver (Demigod Gladiator)      Turns: 17813, Time: 02:39:42

HP -11/133       AC 14     Str 26      XL: 14   Next: 95%
MP   0/29        EV 17     Int 23      God:
Gold 1410        SH  0     Dex 18      Spells:  7 memorised,  3 levels left

rFire  . . .     SeeInvis .     z - +2 great sword
rCold  . . .     Clarity  .     F - +3 troll leather armour
rNeg   . . .     Conserve .     (no shield)
rPois  .         rCorr    .     Y - +0 helmet
rElec  .         rRot     .     J - -1 cloak
SustAb . .       Spirit   +     X - -1 pair of gloves
rMut   .         Warding  .     u - +2 pair of orc boots {Stlth+}
Saprov . . .     Stasis   .     W - amulet of guardian spirit
                                E - ring of protection from magic
                                e - ring of the Evening {MR++ Int+5}

@: about to teleport, brilliant, studying Necromancy, extraordinarily resistant
to hostile enchantments, stealthy
A: blurry vision 1, robust 1, screaming 1
a: no special abilities


You were on level 3 of the Elven Halls.
You were starving.

You visited 4 branches of the dungeon, and saw 31 of its levels.
You also visited: Labyrinth.

You collected 3213 gold pieces.
You spent 1803 gold pieces at shops.

Inventory:

Hand weapons
 g - a +2,+2 elven vampiric scimitar
 j - a +2,+1 long sword of electrocution
 z - a +2,+2 great sword (weapon)
 O - a +6 blowgun
 U - a +1,+0 elven falchion of freezing
Missiles
 C - a throwing net [frayed] (quivered)
Armour
 u - a +2 pair of orcish boots of stealth (worn)
 F - a +3 troll leather armour (worn)
 J - a -1 cloak (worn)
 X - a -1 pair of gloves (worn)
 Y - a +0 helmet (worn)
Magical devices
 h - a wand of cold (0)
 m - a wand of disintegration (12)
 w - a wand of frost (12)
 S - a wand of teleportation (0)
 T - a wand of draining (1)
 V - a wand of lightning (0)
Comestibles
 f - 8 bread rations
 o - 11 meat rations
Scrolls
 l - a scroll of blinking
 s - a scroll of immolation
 x - 2 scrolls of fog
 D - 8 scrolls of remove curse
Jewellery
 b - an uncursed amulet of stasis
 c - an uncursed ring of poison resistance
 e - the ring of the Evening (left hand) {MR++ Int+5}
   (You bought it in a shop on level 4 of the Orcish Mines)

   [ring of intelligence]

   It affects your intelligence (+5).
   It affects your resistance to hostile enchantments.
 i - an uncursed ring of see invisible
 k - a +6 ring of evasion
 A - an uncursed ring of teleport control
 B - an uncursed ring of fire
 E - a ring of protection from magic (right hand)
 H - an uncursed ring of sustain abilities
 I - an uncursed ring of wizardry
 N - an uncursed ring of flight
 Q - an uncursed ring of regeneration
 W - an amulet of guardian spirit (around neck)
 Z - an uncursed ring of ice
Potions
 a - a potion of flight
 q - a potion of brilliance
 L - a potion of berserk rage
 M - a potion of speed
Books
 d - a book of the Earth

   Spells                             Type                      Level
   Dig                                Earth                        4
   Leda's Liquefaction                Hexes/Earth                  4
   Bolt of Magma                      Conjuration/Fire/Earth       5
   Statue Form                        Transmutation/Earth          6
   Iron Shot                          Conjuration/Earth            6
   Shatter                            Earth                        9
 n - a book of Alchemy

   Spells                             Type                      Level
   Lethal Infusion                    Charms/Necromancy            2
   Sublimation of Blood               Necromancy                   2
   Condensation Shield                Ice                          4
   Alistair's Intoxication            Transmutation/Poison         4
   Petrify                            Transmutation/Earth          4
   Ignite Poison                      Fire/Transmutation           5
 y - a manual of Necromancy
 P - a book of Summonings

   Spells                             Type                      Level
   *Abjuration                        Summoning                    3
   Recall                             Summoning/Translocation      3
   Summon Elemental                   Summoning                    4
   Shadow Creatures                   Summoning                    5
   Summon Demon                       Summoning                    5
   *Summon Ugly Thing                 Summoning                    6
Magical staves
 t - an uncursed staff of energy
Rods
 G - a +4 rod of warding (5/10)
   (You found it in a labyrinth)


   Skills:
 - Level 10.0 Fighting
 * Level 14.2 Long Blades
 - Level 1.7 Throwing
 - Level 10.2 Armour
 - Level 8.0 Dodging
 - Level 5.0 Spellcasting
 - Level 4.9 Charms
 * Level 10.2 Summonings
 - Level 7.0 Evocations


You had 3 spell levels left.
You knew the following spells:

 Your Spells              Type           Power        Failure   Level  Hunger
a - Repel Missiles        Chrm/Air       ####......   1%          2    None
b - Shroud of Golubria    Chrm/Tloc      ####......   1%          2    None
c - Regeneration          Chrm/Necr      ####......   1%          3    ##.....
d - Stoneskin             Trmt/Erth      ###.......   2%          2    None
e - Blink                 Tloc           N/A          2%          2    None
f - Abjuration            Summ           ######....   1%          3    ##.....
g - Summon Ugly Thing     Summ           ######....   2%          6    #######


Dungeon Overview and Level Annotations

Branches:
Dungeon (16/16)            Temple (0/1) D:6             Orc (4/4) D:9
    Elf (3/3) Orc:3          Lair (8/8) D:11          Swamp (0/5) Lair:5
  Slime (0/6) Lair:7
 Shoals: Lair:3-6     Snake: Lair:3-6    Spider: Lair:3-6    Vaults: D:14-15
 Depths: D:16

Shops:
D:4 [(::[   D:13 =   Orc:4 =[(=

Portals:
Trove: D:10 (give 7 potions of speed)

Annotations:
D:13 Piginabag's ghost, powerful DDCK
D:15 Snorg


Innate Abilities, Weirdness & Mutations

Your vision is a little blurry.
You are robust (+10% HP).
You occasionally shout uncontrollably.


Message History

The deep elf annihilator gestures at you while chanting.
The poison arrow misses you.
The deep elf blademaster hits you with an elven cutlass!
* * * LOW HITPOINT WARNING * * *
The deep elf blademaster hits you with an elven cutlass!
* * * LOW HITPOINT WARNING * * *
Your purple ugly thing misses the deep elf blademaster.
Unknown command.
Drink which item? (? for menu, Esc to quit)
You feel better.
The deep elf blademaster hits you with an elven cutlass!
* * * LOW HITPOINT WARNING * * *
The deep elf blademaster hits you with an elven cutlass!
* * * LOW HITPOINT WARNING * * *
The deep elf annihilator closely misses you.
Your purple ugly thing completely misses the deep elf blademaster.
You closely miss the deep elf blademaster.
You feel less protected from missiles.
The deep elf blademaster hits you with an elven cutlass!
You die...

*,,,,,*,,,,,,#*#,,,,,,*,,,,,**
,,,,,***,,....#....,,***,,,,,**
,,,,** **.....e....e** **
,,,,** ,,,** **........e**
**,,,,,* ,,** **.......**
**,,,** ,** **.....** * ,** **
**...*## *** *#.##u# #e#@e#
#.##e# ***** ##.#e#### ,, <**
#.)#.e..## ,,,,,* ##..e.....##
,,,,,* #.)........# ,,,,,*
#..........# , ,,**
#.........## ,,,** #........##


You could see a deep elf blademaster, a deep elf annihilator and a friendly
purple ugly thing.

Vanquished Creatures
  A deep elf master archer (Elf:3)
  8 deep elf sorcerers (Elf:3)
  4 deep elf annihilators (Elf:3)
  3 deep elf demonologists (Elf:3)
  A minotaur (Lab)
  A fire dragon (Lair:8)
  2 deep elf high priests (Elf:3)
  Fannar (Elf:3)
  5 orc high priests (Orc:4)
  3 centaur warriors
  The ghost of Fv001 the Hoplite, an experienced DjFi of Okawaru (D:9)
  2 unseen horrors (D:14)
  3 skeletal warriors
  A swamp dragon (shapeshifter) (D:14)
  4 hill giants
  A lindwurm (shapeshifter) (Elf:1)
  A lindwurm (Lair:8)
  6 orc knights
  Pikel (D:6)
  Joseph (D:9)
  2 griffons
  2 deep elf conjurers
  5 cyclopes
  2 spiny worms (Lair:8)
  A black mamba (Lair:8)
  3 octopodes (D:14)
  2 deep elf summoners (Elf:2)
  8 spiny frogs
  A feature mimic (D:8)
  A hellwing (Elf:3)
  2 orange demons (Orc:4)
  2 trolls
  A fire drake (Lair:2)
  A spriggan (D:7)
  A minotaur zombie (Lab)
  A queen bee (shapeshifter) (Elf:2)
  A deep elf priest (Elf:3)
  9 komodo dragons
  13 slime creatures
  4 giant fireflies (Lair:8)
  A two-headed ogre (D:9)
  11 blink frogs
  A hydra skeleton (D:14)
  A slime creature (shapeshifter) (Elf:3)
  A grizzly bear (Lair:5)
  2 basilisks
  3 wyverns
  A ynoxinul (Orc:4)
  A trapdoor spider (D:16)
  A water elemental (D:14)
  2 elephant slugs (Lair:8)
  10 ugly things
  A chaos spawn (Orc:4)
  5 deep elf magi
  35 yaks
  A soldier ant (D:14)
  2 hungry ghosts
  6 vampire mosquitoes
  2 wraiths
  A hill giant skeleton (D:9)
  A vampire (D:15)
  A steam dragon (D:13)
  3 manticores
  2 sharks (D:14)
  A mottled dragon (D:15)
  10 wolves
  5 hippogriffs
  The ghost of wojtek the Cudgeler, an average TeGl (D:3)
  7 ice beasts
  2 porcupines
  3 sky beasts
  A slave (D:6)
  2 phantoms
  A griffon simulacrum (D:15)
  A black bear (D:11)
  3 giant goldfish
  8 ogres
  5 centaurs
  43 orc warriors
  10 crocodiles
  2 wargs
  Duvessa (D:5)
  5 water moccasins
  A big kobold (D:16)
  3 brain worms (Lair:8)
  A gnoll sergeant (D:6)
  Blork the orc (D:3)
  17 giant frogs
  9 agate snails
  A cyclops skeleton (D:11)
  3 eyes of draining
  A hippogriff zombie (D:9)
  A jellyfish (D:14)
  3 electric eels
  3 vampire bats (Lair:1)
  11 wights
  Dowan (D:5)
  10 crimson imps
  A giant frog zombie (D:12)
  11 hounds
  2 goliath beetles
  A centaur skeleton (D:12)
  35 orc priests
  Crazy Yiuf (D:7)
  2 big fish
  4 iguanas
  4 scorpions
  9 worker ants
  A gnoll shaman (D:7)
  37 orc wizards
  17 sheep
  Ijyb (D:7)
  A big kobold skeleton (D:10)
  A hound zombie (D:8)
  Terence (D:2)
  A mummy (D:15)
  12 gnolls
  15 adders
  3 giant centipedes
  39 green rats
  3 giant mites
  19 worms
  An adder skeleton (D:7)
  4 giant eyeballs
  9 giant geckos
  164 orcs
  20 bats
  2 giant cockroaches
  16 hobgoblins
  9 quokkas
  2 giant newts (D:3)
  A giant spore (D:8)
  A gnoll zombie (D:5)
  18 goblins
  2 hobgoblin skeletons
  23 jackals
  15 kobolds
  An orc skeleton (D:10)
  19 rats
  7 ballistomycetes
  3 plants
922 creatures vanquished.

Vanquished Creatures (others)
  A deep elf high priest (Elf:3)
  An orc wizard (D:14)
  A giant spore (D:6)
  5 fungi (Lair:8)
  A plant (Lair:7)
9 creatures vanquished.

Grand Total: 931 creatures vanquished

Notes
Turn   | Place    | Note
--------------------------------------------------------------
     0 | D:1      | 4tharraofdagon, the Demigod Gladiator, began the quest for the Orb.
     0 | D:1      | Reached XP level 1. HP: 17/17 MP: 2/2
   184 | D:2      | Noticed Terence
   212 | D:2      | Killed Terence
   212 | D:2      | Reached skill level 3 in Long Blades
   212 | D:2      | Reached skill level 1 in Armour
   212 | D:2      | Reached XP level 2. HP: 14/24 MP: 3/3
   342 | D:2      | You fall through a shaft for 2 floors!
   342 | D:4      | Found Leaq's Antique Armour Shop.
   343 | D:4      | :(
   513 | D:3      | Reached XP level 3. HP: 29/29 MP: 5/5
   534 | D:4      | Bought a pair of glowing orcish boots for 31 gold pieces
   761 | D:3      | Noticed wojtek's ghost (average TeGl)
   781 | D:2      | Reached XP level 4. HP: 37/37 MP: 7/7
   959 | D:4      | Found Recolak Ari's Book Emporium.
   959 | D:4      | Noticed Blork the orc
   981 | D:3      | Killed Blork the orc
   981 | D:3      | Reached skill level 4 in Long Blades
  1056 | D:3      | Killed wojtek's ghost
  1056 | D:3      | Reached XP level 5. HP: 32/44 MP: 8/8
  1087 | D:4      | Found Kigiylir's Book Emporium.
  1088 | D:4      | Got a pitted sling
  1095 | D:4      | Found Schex's Antique Weapon Emporium.
  1140 | D:4      | Found an iron altar of Okawaru.
  1215 | D:4      | Found Diannea's Antique Armour Shoppe.
  1257 | D:4      | Reached XP level 6. HP: 29/51 MP: 10/10
  1265 | D:4      | Noticed a giant frog
  1270 | D:4      | Killed a giant frog
  1299 | D:4      | Identified the cursed +0,-1 sling of Guile {velocity, Dex+2 SInv} (You found it on level 4 of the Dungeon)
  1318 | D:5      | Entered Level 5 of the Dungeon
  1322 | D:5      | Noticed Dowan
  1326 | D:5      | Noticed Duvessa
  1410 | D:5      | Reached skill level 5 in Long Blades
  1499 | D:4      | Bought a glowing long sword for 90 gold pieces
  1663 | D:5      | Reached XP level 7. HP: 53/57 MP: 12/12
  1710 | D:5      | Killed Duvessa
  1719 | D:5      | Killed Dowan
  1784 | D:6      | Reached skill level 6 in Long Blades
  1862 | D:6      | Found a staircase to the Ecumenical Temple.
  2069 | D:6      | Reached XP level 8. HP: 64/67 MP: 13/13
  2237 | D:6      | Noticed Pikel
  2269 | D:6      | Killed Pikel
  2269 | D:6      | Reached skill level 7 in Long Blades
  2269 | D:6      | Reached skill level 1 in Evocations
  2305 | D:6      | Reached skill level 5 in Dodging
  2321 | D:5      | Found a shimmering altar of Xom.
  2420 | D:5      | Reached skill level 5 in Fighting
  2659 | D:7      | Noticed a cyclops
  2680 | D:6      | Paralysed by a giant eyeball for 4 turns
  2702 | D:7      | Noticed Crazy Yiuf
  2709 | D:7      | Killed Crazy Yiuf
  2799 | D:7      | Killed a cyclops
  2799 | D:7      | Reached XP level 9. HP: 30/74 MP: 18/18
  2954 | D:7      | Reached skill level 8 in Long Blades
  3042 | D:7      | Noticed a spriggan baker
  3046 | D:7      | Killed a spriggan baker
  3046 | D:7      | Reached skill level 5 in Armour
  3161 | D:7      | Noticed Ijyb
  3166 | D:7      | Killed Ijyb
  3264 | D:8      | Learned a level 2 spell: Repel Missiles
  3391 | D:8      | Paralysed by a giant eyeball for 2 turns
  3402 | D:8      | Reached skill level 1 in Spellcasting
  3532 | D:8      | Killed a staircase mimic
  3744 | D:9      | Noticed Joseph
  3778 | D:9      | Found a basalt altar of Yredelemnul.
  3779 | D:9      | Noticed a profane servitor
  3786 | D:9      | Found a glowing golden altar of the Shining One.
  3787 | D:9      | Noticed an angel
  3798 | D:9      | Noticed Fv001's ghost (experienced DjFi)
  3819 | D:9      | Reached XP level 10. HP: 66/83 MP: 21/21
  3843 | D:9      | Learned a level 2 spell: Shroud of Golubria
  3983 | D:9      | Found a shattered altar of Ashenzari.
  4013 | D:9      | Found a staircase to the Orcish Mines.
  4179 | D:9      | Reached skill level 9 in Long Blades
  4198 | D:9      | Found a blossoming altar of Fedhas.
  4288 | D:9      | Found a glowing silver altar of Zin.
  4329 | D:9      | Killed Fv001's ghost
  4461 | Orc:1    | Entered Level 1 of the Orcish Mines
  4591 | Orc:1    | Learned a level 3 spell: Regeneration
  4791 | D:4      | Bought a crude chain mail for 416 gold pieces
  4809 | D:4      | Identified the +1 chain mail of a Thousand Beds {Int+2 Acc+3} (You bought it in a shop on level 4 of the Dungeon)
  4940 | D:9      | Killed Joseph
  4940 | D:9      | Reached skill level 1 in Charms
  5058 | D:10     | Entered Level 10 of the Dungeon
  5155 | D:10     | You fall through a shaft!
  5155 | D:11     | Found a staircase to the Lair.
  5155 | D:11     | Noticed a cyclops
  5156 | D:11     | :O
  5161 | D:11     | Noticed a four-headed hydra
  5276 | D:12     | Noticed a hill giant
  5286 | D:12     | Killed a hill giant
  5286 | D:12     | Reached skill level 5 in Evocations
  5637 | D:11     | Killed a cyclops
  5637 | D:11     | Reached XP level 11. HP: 24/91 MP: 23/23
  5667 | Lair:1   | Entered Level 1 of the Lair of Beasts
  6213 | Lair:1   | Reached skill level 10 in Long Blades
  6561 | Lair:3   | Noticed a four-headed hydra
  6776 | Lair:4   | Identified a scroll of acquirement
  6779 | Lair:5   | Found a staircase to the Swamp.
  6858 | Lair:5   | Noticed a five-headed hydra
  6963 | Lair:6   | Learned a level 2 spell: Stoneskin
  7263 | Lair:6   | Learned a level 2 spell: Blink
  7486 | Lair:5   | Reached XP level 12. HP: 52/101 MP: 6/26
  7854 | Lair:6   | Learned a level 3 spell: Abjuration
  7964 | Lair:7   | Found a labyrinth entrance.
  8044 | Lair:7   | Found a staircase to the Slime Pits.
  8053 | Lab      | Entered a labyrinth
  8598 | Lab      | Noticed a minotaur
  8666 | Lab      | Killed a minotaur
  8666 | Lab      | Reached skill level 1 in Summonings
  8679 | Lab      | Identified a +4 rod of warding (10/10) (You found it in a labyrinth)
  8757 | Lair:7   | Noticed a seven-headed hydra
  8776 | Lair:8   | Entered Level 8 of the Lair of Beasts
  8956 | Lair:8   | Reached skill level 11 in Long Blades
  9810 | Lair:8   | Noticed a fire dragon
  9826 | Lair:8   | Killed a fire dragon
 10223 | Lair:3   | Got a pair of bloodstained gloves
 10227 | Lair:3   | Identified the cursed -3 pair of gloves of Weightlessness {Str-5 Dex+1} (You found it on level 3 of the Lair of Beasts)
 10227 | Lair:3   | :(
 10602 | D:13     | Found Crequeps' Jewellery Shoppe.
 10694 | D:13     | Gained mutation: Your vision is a little blurry. [mutagenic meat]
 10695 | D:13     | Gained mutation: Your magical capacity is low (-10% MP). [mutagenic meat]
 10696 | D:13     | Gained mutation: You are weak. (Str -2) [mutagenic meat]
 10697 | D:13     | Gained mutation: You evolve. [mutagenic meat]
 10822 | D:13     | Reached skill level 5 in Summonings
 10977 | D:13     | Reached XP level 13. HP: 101/108 MP: 24/24
 10979 | D:13     | Noticed Piginabag's ghost (powerful DDCK)
 11076 | D:14     | :D
 11105 | D:14     | Reached skill level 12 in Long Blades
 11237 | D:15     | Entered Level 15 of the Dungeon
 11270 | D:15     | Found a deep blue altar of Sif Muna.
 11332 | D:16     | Entered Level 16 of the Dungeon
 11539 | D:15     | Noticed Snorg
 12593 | D:16     | :(
 12690 | D:16     | Learned a level 6 spell: Summon Ugly Thing
 13224 | D:12     | Noticed a fire giant
 13224 | D:12     | Noticed a yaktaur captain
 13226 | D:12     | Noticed a storm dragon
 13226 | D:12     | Noticed a stone giant
 13419 | D:11     | Got a heavy robe
 13546 | D:10     | Noticed a hill giant
 13553 | D:10     | Killed a hill giant
 13668 | D:10     | Found a portal to a secret trove of treasure.
 13826 | D:9      | Gained mutation: You occasionally shout uncontrollably. [evolution]
 13826 | D:9      | Lost mutation: You evolve. [end of evolution]
 14014 | Orc:3    | Found a staircase to the Elven Halls.
 14192 | Orc:3    | Identified the +0 robe of the Hanged Man {Str+3 Dex+3} (You found it on level 11 of the Dungeon)
 14351 | Orc:2    | Reached skill level 13 in Long Blades
 14873 | Orc:4    | Entered Level 4 of the Orcish Mines
 15145 | Orc:4    | Found a burning altar of Makhleb.
 15437 | Orc:4    | Reached XP level 14. HP: 113/119 MP: 23/25
 16181 | Orc:4    | Found Caosen's Jewellery Boutique.
 16181 | Orc:4    | Found Liwygumuga's Jewellery Boutique.
 16181 | Orc:4    | Found Ble Twel's Weapon Boutique.
 16181 | Orc:4    | Found Shroibli's Armour Shop.
 16196 | Orc:4    | Bought the ring of the Evening {MR++ Int+5} for 607 gold pieces
 16196 | Orc:4    | Bought an uncursed ring of protection from magic for 275 gold pieces
 16196 | Orc:4    | Bought an uncursed ring of sustain abilities for 192 gold pieces
 16196 | Orc:4    | Bought an uncursed amulet of stasis for 192 gold pieces
 16316 | Elf:1    | Entered Level 1 of the Elven Halls
 16317 | Elf:1    | :(
 16362 | Elf:1    | Lost mutation: You are weak. (Str -2) [mutagenic meat]
 16363 | Elf:1    | Lost mutation: Your magical capacity is low (-10% MP). [mutagenic meat]
 16364 | Elf:1    | Gained mutation: You are robust (+10% HP). [mutagenic meat]
 16686 | Elf:3    | Entered Level 3 of the Elven Halls
 16761 | Elf:3    | Got a bloodstained longbow
 16762 | Elf:3    | Identified the +3,+6 longbow "Savomip" {frost, rF+} (You found it on level 3 of the Elven Halls)
 16784 | Elf:3    | Noticed Fannar
 16825 | Elf:3    | Killed Fannar
 16825 | Elf:3    | Reached skill level 10 in Fighting
 17115 | Elf:3    | Reached skill level 5 in Spellcasting
 17118 | Elf:3    | Noticed a deep elf sorcerer
 17140 | Elf:3    | Killed a deep elf sorcerer
 17222 | Elf:3    | Noticed a deep elf sorcerer
 17235 | Elf:3    | Killed a deep elf sorcerer
 17355 | Elf:3    | Noticed a deep elf sorcerer
 17356 | Elf:3    | Noticed a deep elf sorcerer
 17382 | Elf:3    | Killed a deep elf sorcerer
 17382 | Elf:3    | Reached skill level 10 in Armour
 17433 | Elf:3    | Noticed a deep elf sorcerer
 17442 | Elf:3    | Killed a deep elf sorcerer
 17451 | Elf:3    | miss
 17518 | Elf:3    | Noticed a deep elf sorcerer
 17534 | Elf:3    | Killed a deep elf sorcerer
 17566 | Elf:3    | Noticed a deep elf master archer
 17602 | Elf:3    | Killed a deep elf master archer
 17602 | Elf:3    | Reached skill level 14 in Long Blades
 17642 | Elf:3    | Noticed an Executioner
 17642 | Elf:3    | omfg
 17667 | Elf:3    | Noticed a deep elf sorcerer
 17680 | Elf:3    | Killed a deep elf sorcerer
 17680 | Elf:3    | Reached skill level 10 in Summonings
 17691 | Elf:3    | Noticed a deep elf blademaster
 17697 | Elf:3    | Noticed a deep elf sorcerer
 17713 | Elf:3    | Killed a deep elf sorcerer
 17724 | Elf:3    | Noticed a deep elf sorcerer
 17733 | Elf:3    | Killed a deep elf sorcerer
 17743 | Elf:3    | Noticed a deep elf sorcerer
 17813 | Elf:3    | Mangled by a deep elf blademaster

Action                   |  1- 3 |  4- 6 |  7- 9 | 10-12 | 13-15 || total
-------------------------+-------+-------+-------+-------+-------++-------
Melee: Falchion          |    83 |       |       |    11 |       ||    94
       Long sword        |    39 |   145 |   385 |  1409 |   391 ||  2369
       Great sword       |       |       |       |       |  1137 ||  1137
Throw: Throwing net      |     2 |     3 |       |     1 |       ||     6
       Dart              |       |       |     2 |       |       ||     2
 Cast: Summon Ugly Thing |       |       |       |       |     2 ||     2
       Abjuration        |       |       |       |       |     1 ||     1
 Abil: Evoke Teleport Co |       |       |       |       |     1 ||     1
Evoke: Wand              |       |       |    14 |    12 |    22 ||    48
       Rod               |       |       |       |     1 |    11 ||    12
  Use: Potion            |     4 |     1 |     2 |    12 |     6 ||    25
       Scroll            |       |     6 |     5 |    22 |    20 ||    53
 Stab: Sleeping          |     1 |       |       |       |       ||     1
       Paralysed         |       |       |    13 |       |       ||    13
       Invisible         |       |       |       |     3 |       ||     3
       Distracted        |       |       |       |       |     1 ||     1
